 Dungeon Crawl Stone Soup version 0.16.2-12-gd0ad4c3 (webtiles) character file.

144 yevrey the Conjurer (level 5, -5/28 HPs)
             Began as a Deep Elf Conjurer on Oct 13, 2015.
             Killed from afar by an orc wizard (10 damage)
             ... with a magic dart
             ... on level 3 of the Dungeon.
             The game lasted 00:13:18 (3213 turns).

yevrey the Conjurer (Deep Elf Conjurer)             Turns: 3213, Time: 00:13:18

Health: -5/28      AC:  2    Str:  5    XL:     5   Next: 5%
Magic:  10/18      EV: 13    Int: 27    God:
Gold:   108        SH:  0    Dex: 15    Spells: 4 memorised, 2 levels left

rFire  . . .     SeeInvis .     (no weapon)
rCold  . . .     Clarity  .     a - +0 robe
rNeg   . . .     SustAb   .     (no shield)
rPois  +         Gourm    .     (no helmet)
rElec  .         Spirit   .     (no cloak)
rCorr  .         Warding  .     (no gloves)
rMut   .         Stasis   .     (no boots)
MR     .....                    (no amulet)
Stlth  ++........               h - ring of poison resistance
                                l - +6 ring of intelligence

@: not resistant to hostile enchantments, unstealthy
A: no striking features
a: no special abilities


You were on level 3 of the Dungeon.
You were hungry.

You visited 1 branch of the dungeon, and saw 4 of its levels.

You collected 108 gold pieces.

Inventory:

Missiles
 t - 15 arrows
Armour
 a - a +0 robe (worn)
Jewellery
 h - a ring of poison resistance (right hand)
 l - a +6 ring of intelligence (left hand)
Scrolls
 d - a scroll of recharging {unknown}
 e - a scroll of fear {unknown}
 m - a scroll of enchant armour {unknown}
 n - a scroll of magic mapping {unknown}
 q - a scroll of amnesia
 s - a scroll of blinking {unknown}
 u - a scroll of identify
 w - 2 scrolls of remove curse {unknown}
 x - a scroll of fog {unknown}
Potions
 f - a potion of brilliance {unknown}
 i - 2 potions of might {unknown}
 j - a potion of flight {unknown}
 k - a potion of lignification {unknown}
 o - a potion of poison {unknown}
 p - 3 potions of curing
 r - a potion of haste {unknown}
 v - 2 potions of agility {unknown}
Books
 c - a book of Conjurations

   Spells                             Type                      Level
   a - Magic Dart                     Conjuration                  1
   b - Searing Ray                    Conjuration                  2
   c - Dazzling Spray                 Conjuration/Hexes            3
   d - Fulminant Prism                Conjuration/Hexes            4
   e - Iskenderun's Mystic Blast      Conjuration                  4
   f - Iskenderun's Battlesphere      Conjuration/Charms           5
Comestibles
 b - 2 bread rations
 g - 2 fruits
 z - 2 chunks of flesh


   Skills:
 + Level 2.8 Dodging
 + Level 2.9 Stealth
 + Level 4.3 Spellcasting
 + Level 6.1 Conjurations


You had 2 spell levels left.
You knew the following spells:

 Your Spells              Type           Power        Failure   Level  Hunger
a - Magic Dart            Conj           ####         1%          1    None
b - Searing Ray           Conj           #####.       1%          2    None
c - Dazzling Spray        Conj/Hex       ###.....     10%         3    ##.....
d - Fulminant Prism       Conj/Hex       ###.......   24%         4    ####...


Dungeon Overview and Level Annotations

Branches:
Dungeon (4/15)
 Temple: D:4-7

Altars:
Fedhas
Kikubaaqudgha
Trog


Message History

Confirm with . or Enter, or press ? or * to list all spells.
Aiming: Magic Dart
Press: ? - help, Shift-Dir - straight line, f - orc priest
Aim: an orc priest, wielding a flail and wearing a leather armour (lightly wounded, blind)
The magic dart hits the orc priest.
The orc priest is heavily wounded.
Casting: Magic Dart
Confirm with . or Enter, or press ? or * to list all spells.
Aiming: Magic Dart
Press: ? - help, Shift-Dir - straight line, f/p - orc priest
Aim: an orc priest, wielding a flail and wearing a leather armour (heavily wounded, blind)
The magic dart hits the orc priest.
The orc priest is severely wounded.
The orc priest is no longer blind.
The orc priest calls down the wrath of Beogh upon you.
Pain shoots through your body!
* * * LOW HITPOINT WARNING * * *
The orc wizard gestures at you while chanting.
The magic dart hits you!
You die...

..##............#.....#
#.##.#.###...#..#.....#
#.##.#.###...#........######
................#.###......#
#......###.#..#.#..........#
.....#.# #....#.####.......#
#..#.#.# #.##...####.....###
#....#.# #.###.o##.....).#
#......###.# #.>@..o.)...#
####.#<....# #####.###...###
#...##### #.####.##.# #####
#.#....##.### #.#.###.....#
#.#.#.....### #.#.#.#.#.#
#.......#.# ###.....#.#


You could see an orc priest and an orc wizard.

Vanquished Creatures
  A jelly (D:3)
  3 adders
  2 worms
  3 orcs
  A ball python (D:3)
  A bat zombie (D:3)
  4 giant cockroaches
  8 goblins
  13 hobgoblins
  A jackal (D:1)
  7 bats
  3 giant newts
  12 kobolds
  A quokka (D:2)
  8 rats
  A rat zombie (D:3)
69 creatures vanquished.

Vanquished Creatures (others)
  3 fulminant prisms
3 creatures vanquished.

Grand Total: 72 creatures vanquished

Notes
Turn   | Place    | Note
--------------------------------------------------------------
     0 | D:1      | yevrey, the Deep Elf Conjurer, began the quest for the Orb.
     0 | D:1      | Reached XP level 1. HP: 10/10 MP: 5/5
   333 | D:1      | Reached XP level 2. HP: 15/15 MP: 1/8
   337 | D:1      | Learned a level 2 spell: Searing Ray
   465 | D:1      | Reached skill level 5 in Conjurations
   895 | D:1      | Reached XP level 3. HP: 19/19 MP: 7/10
   900 | D:1      | Learned a level 3 spell: Dazzling Spray
  1608 | D:2      | Found a blossoming altar of Fedhas.
  2223 | D:3      | Reached XP level 4. HP: 22/24 MP: 6/14
  2229 | D:3      | Learned a level 4 spell: Fulminant Prism
  2369 | D:3      | Found a bloodstained altar of Trog.
  2421 | D:3      | Reached skill level 6 in Conjurations
  2678 | D:3      | Found an ancient bone altar of Kikubaaqudgha.
  3027 | D:3      | Reached XP level 5. HP: 25/28 MP: 3/18
  3213 | D:3      | Killed from afar by an orc wizard

Action                   |  1- 3 |  4- 6 || total
-------------------------+-------+-------++-------
Melee: Unarmed           |     1 |       ||     1
 Cast: Magic Dart        |   105 |    48 ||   153
       Fulminant Prism   |       |     3 ||     3
       Dazzling Spray    |       |     3 ||     3
  Use: Scroll            |     2 |     1 ||     3
       Potion            |       |     1 ||     1
  Eat: Chunk             |     4 |     3 ||     7
